 Dungeon Crawl Stone Soup version 0.14-a0-1036-g6cac21b (webtiles) character file.

409 Deemzul the Chopper (level 6, -5/44 HPs)
             Began as a Formicid Fighter on Nov 24, 2013.
             Slain by Duvessa
             ... wielding a +0,+0 elven short sword
              (8 damage)
             ... on Level 4 of the Dungeon.
             The game lasted 00:03:56 (2063 turns).

Deemzul the Chopper (Formicid Fighter)              Turns: 2063, Time: 00:03:56

HP  -5/44        AC  9     Str 23      XL: 6   Next: 33%
MP   5/5         EV  6     Int  7      God:
Gold 202         SH 18     Dex 10      Spells:  0 memorised,  5 levels left

Res.Fire  : . . .   See Invis. : +   s - +0,+2 orc war axe
Res.Cold  : . . .   Warding    : .   b - +0 scale mail
Life Prot.: . . .   Conserve   : .   c - +0 shield
Res.Poison: x       Res.Corr.  : .   (helmet unavailable)
Res.Elec. : .       Clarity    : .   (no cloak)
Sust.Abil.: . .     Spirit.Shd : .   (no gloves)
Res.Mut.  : .       Stasis     : +   k - +0 pair of boots
Res.Rott. : .       Flight     : .   (no amulet)
Saprovore : . . .                    (no ring)
                                     (no ring)

@: slightly resistant to hostile enchantments, extremely unstealthy
A: permanent stasis, dig shafts and tunnels, four strong arms, poison weakness,
antennae 3, exoskeleton 1
a: Dig, Shaft Self


You were on level 4 of the Dungeon.
You were hungry.

You visited 1 branch of the dungeon, and saw 4 of its levels.

You collected 202 gold pieces.

Inventory:

Hand weapons
 r - a +0,+1 orcish war axe
 s - a +0,+2 orcish war axe (weapon)
Armour
 b - a +0 scale mail (worn)
 c - a +0 shield (worn)
 k - a +0 pair of boots (worn)
Comestibles
 d - 3 bread rations
 f - a choko
 g - 3 chunks of orc flesh
 h - an apple
 m - an orange
 n - a pear
 q - a meat ration
Scrolls
 e - 2 scrolls of identify
 i - 2 scrolls of remove curse {unknown}
 o - a scroll of enchant weapon I
 t - a scroll of enchant weapon II
Potions
 a - a potion of invisibility {unknown}
 j - 2 potions of curing
 l - a potion of agility {unknown}
 p - 2 potions of flight {unknown}


   Skills:
 + Level 4.4 Fighting
 * Level 4.8 Axes
 - Level 3.6 Armour
 - Level 3.0 Shields


You had 5 spell levels left.
You didn't know any spells.

Dungeon Overview and Level Annotations

Branches:
Dungeon (4/16)
 Temple: D:4-7

Altars:

Annotations:
D:4 Dowan, Duvessa


Innate Abilities, Weirdness & Mutations

Your are under a permanent stasis effect.
You can dig through walls and to a lower floor.
Your four strong arms can wield any weapon, most with a shield.
You are susceptible to poison.
You have a pair of large antennae on your head (SInv).
Your body is surrounded by an exoskeleton. (HP +5, AC +1)


Message History

The puff of flame hits you!
One of your 3 scrolls of identify catches fire!
Duvessa hits you with an elven short sword.
Unknown command.
You closely miss Duvessa.
Duvessa is heavily wounded.
You closely miss Dowan. You block Duvessa's attack.
Dowan points at you and mumbles some strange words.
The puff of flame misses you. Duvessa completely misses you.
Dowan hits you with an elven dagger.
Unknown command.
Unknown command.
You hit Duvessa.
Duvessa is severely wounded.
You closely miss Dowan.
Duvessa hits you with an elven short sword!
* * * LOW HITPOINT WARNING * * *
Dowan barely misses you.
Duvessa hits you with an elven short sword!
You die...

....................%..##
...................#....#
..######......####.#....#
.. #...#...###.#....# .
....#...#...#.#.## #
..... #.......# #.......#
##.......# #e@..#.#.#
#...e...#.#.# #.......#.#
# #....###.#.# #...#
#.#.# #... #.#..{ #.
#.#.. . ..#.. #.#


You could see Duvessa and Dowan.

Vanquished Creatures
  3 orc wizards
  An orc priest (D:4)
  4 adders
  2 giant geckos
  An ooze (D:2)
  5 orcs
  2 ball pythons
  5 bats
  2 goblins
  9 hobgoblins
  A giant cockroach (D:1)
  2 giant newts
  6 kobolds
  8 rats
51 creatures vanquished.

Notes
Turn   | Place    | Note
--------------------------------------------------------------
     0 | D:1      | Deemzul, the Formicid Fighter, began the quest for the Orb.
     0 | D:1      | Reached XP level 1. HP: 19/19 MP: 0/0
   128 | D:1      | Reached XP level 2. HP: 24/24 MP: 1/1
   464 | D:1      | Reached XP level 3. HP: 29/29 MP: 2/2
   747 | D:2      | Reached XP level 4. HP: 23/33 MP: 3/3
  1545 | D:3      | Reached XP level 5. HP: 29/38 MP: 4/4
  1553 | D:3      | Reached skill level 4 in Fighting
  1903 | D:4      | Reached XP level 6. HP: 15/44 MP: 5/5
  2052 | D:4      | Noticed Duvessa
  2052 | D:4      | Noticed Dowan
  2063 | D:4      | Slain by Duvessa

Action                   |  1- 3 |  4- 6 || total
-------------------------+-------+-------++-------
Melee: Hand axe          |   100 |    28 ||   128
       War axe           |       |    72 ||    72
  Use: Scroll            |       |     6 ||     6
       Potion            |       |     1 ||     1
